 Dungeon Crawl Stone Soup version 0.24.0-123-gd5b16e6ec5 (webtiles) character file.

Game seed: 16873476899385749256, levelgen mode: deterministic

10585 brucemayne the Severer (level 11, 0/99 HPs)
             Began as a Hill Orc Monk on Jan 23, 2020.
             Was an Elder of the Shining One.
             Hit by a javelin thrown by Urug (15 damage)
             ... on level 12 of the Dungeon.
             The game lasted 00:20:30 (5624 turns).

brucemayne the Severer (Hill Orc Monk)              Turns: 5624, Time: 00:20:31

Health: 0/99       AC: 12    Str: 18    XL:     11   Next: 64%
Magic:  13/13      EV:  8    Int: 10    God:    the Shining One [****..]
Gold:   478        SH:  7    Dex: 13    Spells: 8/10 levels left

rFire    . . .     SeeInvis .   w - +1 whip (elec)
rCold    + . .     Gourm    .   p - +0 buckler
rNeg     + + .     Faith    .   l - +0 chain mail (curse)
rPois    .         Spirit   .   (helmet restricted)
rElec    .         Reflect  +   (no cloak)
rCorr    .         Harm     .   (no gloves)
MR       .....                  f - +2 pair of boots
Stlth    ..........             s - +2 amulet of reflection
HPRegen  0.26/turn              (no ring)
MPRegen  0.13/turn              (no ring)

@: glowing
A: horns 1, cold resistance 1
a: Divine Shield, Cleansing Flame, Renounce Religion


You were on level 12 of the Dungeon.
You worshipped the Shining One.
The Shining One was greatly pleased with you.
You were full.

You visited 2 branches of the dungeon, and saw 13 of its levels.

You collected 533 gold pieces.
You spent 55 gold pieces at shops.

Inventory:

Hand Weapons
 a - a +0 hand axe
 w - a +1 whip of electrocution (weapon)
Missiles
 x - 26 poisoned darts (quivered)
 C - 4 curare-tipped darts
Armour
 b - a +0 robe
 e - a +0 ring mail
 f - a +2 pair of boots (worn)
 l - a cursed +0 chain mail (worn)
 m - a +0 scale mail
 n - a +0 helmet
 p - a +0 buckler (worn)
 r - a +0 chain mail
 v - a +1 chain mail
 G - a +0 shield
Jewellery
 o - an uncursed amulet of faith
 s - a +2 amulet of reflection (around neck)
Wands
 i - a wand of iceblast (7)
 t - a wand of digging (7)
 E - a wand of clouds (6)
 F - a wand of paralysis (4)
Scrolls
 g - 2 scrolls of fog
 h - 3 scrolls of remove curse
 k - 2 scrolls of enchant weapon
 u - a scroll of random uselessness
 y - 5 scrolls of identify
 D - 5 scrolls of teleportation
Potions
 d - a potion of lignification {unknown}
 j - a potion of berserk rage
 q - a potion of agility {unknown}
 z - a potion of magic {unknown}
 A - a potion of degeneration
 B - a potion of curing
Miscellaneous
 H - a phial of floods
Comestibles
 c - 5 rations


   Skills:
 - Level 10.0 Fighting
 + Level 18.3 Axes
 - Level 3.1 Armour
 - Level 2.4 Dodging
 - Level 1.5 Stealth
 - Level 4.2 Shields
 - Level 3.9 Invocations


You had 8 spell levels left.
You knew the following spells:

 Your Spells              Type           Power        Failure   Level  Hunger
a - Blink                 Tloc           N/A          100%        2    ###....

Your spell library contained the following spells:

 Spells                   Type           Power        Failure   Level  Hunger
 Confusing Touch          Hex            #.....       99%         1    ##.....
 Infusion                 Chrm           #...         99%         1    ##.....
 Magic Dart               Conj           #...         99%         1    ##.....
 Call Imp                 Summ           #.......     100%        2    ###....
 Shroud of Golubria       Chrm/Tloc      #.....       100%        2    ###....
 Slow                     Hex            #.......     100%        2    ###....
 Song of Slaying          Chrm           #.......     100%        2    ###....
 Confuse                  Hex            #.......     100%        3    ####...
 Conjure Flame            Conj/Fire      #.......     100%        3    ####...
 Gell's Gravitas          Tloc           #.........   100%        3    ####...
 Mephitic Cloud           Conj/Pois/Air  #.......     100%        3    ####...
 Regeneration             Chrm/Necr      #.........   100%        3    ####...
 Spectral Weapon          Hex/Chrm       #.......     100%        3    ####...
 Petrify                  Tmut/Erth      #.......     100%        4    #####..
 Metabolic Englaciation   Hex/Ice        #.........   100%        5    ######.
 Yara's Violent Unravell  Hex/Tmut       #.........   100%        5    ######.


Dungeon Overview and Level Annotations

Branches:
Dungeon (12/15)            Temple (1/1) D:5            Lair (0/6) D:10
    Orc: D:9-12

Altars:
Ashenzari
Cheibriados
Dithmenos
Elyvilon
Fedhas
Gozag
Kikubaaqudgha
Makhleb
Nemelex Xobeh
Okawaru
Qazlal
Ru
Sif Muna
Trog
Uskayaw
Vehumet
Wu Jian
Yredelemnul
Zin
The Shining One

Shops:
D:5 %!

Annotations:
D:10 exclusion: 2 oklob plants
D:12 Urug


Innate Abilities, Weirdness & Mutations

You have a pair of small horns on your head.
Your flesh is cold resistant. (rC+)


Message History

Urug winks... or blinks.
The bullfrog hits you but does no damage.
The bullfrog hits you but does no damage.
The bullfrog hits you but does no damage.
You block the bullfrog's attack. You block the bullfrog's attack.
Your divine shield fades away.
Urug throws a javelin.
The javelin pierces through you!!
Urug throws a javelin.
The javelin pierces through you!!
* * * LOW HITPOINT WARNING * * *
The bullfrog hits you.
* * * LOW HITPOINT WARNING * * *
You see here a javelin.
The bullfrog hits you but does no damage.
You block the bullfrog's attack. The bullfrog hits you.
* * * LOW HITPOINT WARNING * * *
You block the bullfrog's attack.
Urug throws a javelin.
The javelin pierces through you!
You die...

#....#.(## ###
#######o.## #.#
##..## ##.#
######..## #..#
##........# ##.##
..........## ##..#
#...(......###...#
#.........F...#..#
###.....).@..#####
##........##
#######(## #..#
#.## ###### ##†#
#....###.##
#...<.##.#
#.......##


You could see Urug and a bullfrog.

Vanquished Creatures
  A two-headed ogre (D:10)
  A queen ant (D:9)
  Pikel (D:7)
  An ugly thing (D:12)
  A centaur zombie (D:10)
  2 trolls
  3 hippogriffs
  7 yaks
  A basilisk (D:11)
  A hungry ghost (D:9)
  10 soldier ants (D:9)
  An orc warrior (D:8)
  A black bear (D:8)
  2 eyes of draining
  2 phantoms
  A sky beast (D:9)
  4 ice beasts
  2 necrophages
  4 ogres
  5 centaurs
  A big kobold (D:12)
  5 bullfrogs
  A water moccasin zombie (D:5)
  3 scorpions
  4 killer bees
  A howler monkey (D:4)
  4 crimson imps
  2 bullfrog zombies
  2 quasits
  5 hounds
  A jelly (D:3)
  2 centaur skeletons
  2 orc priests
  A bullfrog skeleton (D:12)
  7 orc wizards
  7 iguanas
  32 worker ants
  2 hound skeletons (D:10)
  8 adders
  A howler monkey skeleton (D:9)
  A shadow imp (D:10)
  3 oozes (D:3)
  An adder skeleton (D:5)
  2 adder zombies
  2 worms
  2 dart slugs
  3 leopard geckos
  24 orcs
  A ball python (D:3)
  3 bats
  2 giant cockroaches
  7 goblins
  10 hobgoblins
  4 jackals (D:4)
  18 kobolds
  4 quokkas
  A ball python zombie (D:6)
  17 frilled lizards
  A jackal skeleton (D:8)
  A quokka skeleton (D:5)
  7 rats
256 creatures vanquished.

Vanquished Creatures (others)
  5 fungi (D:3)
  8 toadstools (D:3)
13 creatures vanquished.

Grand Total: 269 creatures vanquished

Notes
Turn   | Place    | Note
-------+----------+-------------------------------------------
     0 | D:1      | brucemayne the Hill Orc Monk began the quest for the Orb.
     0 | D:1      | Reached XP level 1. HP: 19/19 MP: 1/1
    82 | D:1      | Reached XP level 2. HP: 17/26 MP: 2/2
   212 | D:1      | Reached skill level 5 in Axes
   341 | D:1      | Reached XP level 3. HP: 11/31 MP: 3/3
   667 | D:2      | Reached skill level 6 in Axes
   884 | D:4      | Reached XP level 4. HP: 39/39 MP: 4/4
   895 | D:5      | Entered Level 5 of the Dungeon
   949 | D:5      | Reached skill level 7 in Axes
   949 | D:5      | Reached XP level 5. HP: 7/45 MP: 5/5
  1119 | D:4      | Found a blossoming altar of Fedhas.
  1292 | D:3      | Reached skill level 8 in Axes
  1455 | D:3      | Found an opulent altar of Gozag.
  1482 | D:4      | Reached XP level 6. HP: 34/51 MP: 6/6
  1761 | D:4      | Reached skill level 9 in Axes
  1955 | D:5      | Found Maen Nuin's Distillery.
  1958 | D:5      | Bought a potion of heal wounds for 55 gold pieces
  1987 | D:5      | Reached skill level 10 in Axes
  1987 | D:5      | Reached XP level 7. HP: 27/57 MP: 7/7
  2008 | D:5      | Found Omucuel's Food Emporium.
  2044 | D:5      | Gained mutation: You have a pair of small horns on your
                  | head. [potion of mutation]
  2044 | D:5      | Gained mutation: Your flesh is cold resistant. (rC+)
                  | [potion of mutation]
  2217 | D:5      | Found a snail-covered altar of Cheibriados.
  2217 | D:5      | Found a shimmering blue altar of Sif Muna.
  2263 | D:5      | Found a glowing silver altar of Zin.
  2307 | D:5      | Found a staircase to the Ecumenical Temple.
  2319 | Temple   | Entered the Ecumenical Temple
  2340 | Temple   | Became a worshipper of the Shining One
  2340 | Temple   | Reached * piety under the Shining One
  2340 | Temple   | Reached ** piety under the Shining One
  2457 | D:6      | Found a runed translucent door.
  2467 | D:6      | Reached skill level 11 in Axes
  2702 | D:7      | Reached XP level 8. HP: 61/64 MP: 8/8
  2737 | D:7      | Reached skill level 12 in Axes
  2816 | D:7      | Reached skill level 13 in Axes
  2923 | D:8      | Found an ornate altar of the Wu Jian Council.
  2930 | D:8      | Found a glowing golden altar of the Shining One.
  2955 | D:8      | Reached *** piety under the Shining One
  3007 | D:9      | Reached skill level 14 in Axes
  3026 | D:9      | Reached skill level 1 in Invocations
  3036 | D:9      | Reached XP level 9. HP: 56/70 MP: 8/10
  3061 | D:9      | Reached skill level 1 in Armour
  3107 | D:9      | Reached skill level 5 in Fighting
  3146 | D:9      | Noticed a queen ant
  3180 | D:8      | Found a sparkling altar of Nemelex Xobeh.
  3210 | D:8      | Noticed a queen bee
  3274 | D:8      | Found a stormy altar of Qazlal.
  3466 | D:6      | Found a burning altar of Makhleb.
  3538 | D:6      | Noticed Pikel
  3559 | D:7      | Killed Pikel
  3559 | D:7      | Reached skill level 10 in Fighting
  3559 | D:7      | Reached XP level 10. HP: 21/93 MP: 12/12
  3901 | D:9      | Killed a queen ant
  3901 | D:9      | Reached skill level 15 in Axes
  4272 | D:9      | Reached skill level 16 in Axes
  4509 | D:10     | Entered Level 10 of the Dungeon
  4520 | D:10     | Reached XP level 11. HP: 33/99 MP: 13/13
  4536 | D:10     | Found a staircase to the Lair.
  4536 | D:10     | Noticed an oklob plant
  4536 | D:10     | Noticed an oklob plant
  4632 | D:10     | Reached skill level 1 in Shields
  4950 | D:10     | Reached **** piety under the Shining One
  5092 | D:10     | Reached skill level 17 in Axes
  5227 | D:10     | Noticed a two-headed ogre
  5236 | D:10     | Killed a two-headed ogre
  5286 | D:11     | Learned a level 2 spell: Blink
  5426 | D:12     | Reached skill level 18 in Axes
  5567 | D:12     | Noticed a green ugly thing
  5571 | D:12     | Noticed a cyclops
  5575 | D:12     | Noticed Urug
  5577 | D:12     | Killed a green ugly thing
  5624 | D:12     | Hit by a javelin thrown by Urug

Levels and vault maps discovered:
D:1:      onia_arrival_pyramid, layout_loops_ring
D:2:      layout_rooms, minmay_lizard_king
D:3:      cheibrodos_fertilizer, layout_loops_ring, marbit_many_paths,
          first_ration, kennysheep_nub, hex_medium
D:4:      layout_rooms, kennysheep_mini_moat
D:5:      layout_basic, kennysheep_mini, gammafunk_temple_overflow_statue,
          minmay_temple_entry_purple_smoke, serial_shops, kennysheep_little_box,
          nicolae_shop_behind_doors, serial_bayou_pond_e
D:6:      layout_gridville, makhleb_grotto_becter, serial_shops, shop,
          uniq_crazy_yiuf_cottage, uniq_blork_the_orc, uniq_pikel
D:7:      layout_loops_ring
D:8:      layout_loops_ring, nicolae_overflow_hidden_temple,
          nemelex_xobeh_ov_fountains_minmay, nicolae_qazlal_eye_of_the_storm,
          basic_altar, david_nohive_1
D:9:      layout_small_grid, nicolae_overflow_crystal_walls, zaba_anthell
D:10:     layout_layer_cave, dpeg_oklobed_lair, basic_altar
D:11:     layout_loops_cross, uniq_nergalle
D:12:     layout_cave_pods, orc_0_dummy, serial_shops, nicolae_shop_stone,
          uniq_snorg, uniq_josephine, uniq_urug
Temple:   minmay_temple_bridge_abc

Skill      XL: |  1  2  3  4  5  6  7  8  9 10 11 |
---------------+----------------------------------+-----
Axes           | 5 6 7 8 10 11 14 16 18 | 18.3
Invocations    | 2 3 |  3.9
Fighting       | 10 | 10.0
Armour         | 3 |  3.1
Shields        | 4 |  4.2
Dodging        | |  2.4
Stealth        | |  1.5

Action                   |  1- 3 |  4- 6 |  7- 9 | 10-12 || total
-------------------------+-------+-------+-------+-------++-------
Melee: Hand axe          |   115 |   165 |       |       ||   280
       Whip              |       |    72 |   306 |   414 ||   792
       Headbutt          |       |       |    61 |    95 ||   156
Invok: Divine Shield     |       |       |     3 |     8 ||    11
Evoke: Wand              |       |       |       |     7 ||     7
  Use: Potion            |       |     3 |     7 |     1 ||    11
       Scroll            |       |       |    17 |     2 ||    19
  Eat: Chunk             |       |     4 |     1 |       ||     5
       Ration            |       |       |     3 |     3 ||     6
Armor: Ring mail         |    42 |       |       |       ||    42
       Robe              |     1 |       |       |       ||     1
       Scale mail        |     3 |    58 |       |       ||    61
       Chain mail        |       |    58 |   181 |   131 ||   370
Dodge: Dodged            |    75 |   106 |   104 |    96 ||   381
Block: Other             |       |       |    21 |    15 ||    36
       Buckler           |       |       |       |    55 ||    55
       Reflection        |       |       |       |     3 ||     3
       Shield            |       |       |       |     2 ||     2
